 Dungeon Crawl Stone Soup version 0.31-a0-166-g46f44d267d (webtiles) character file.

Game seed: 2749454732029107718

4238 qw the Cleaver (level 10, -7/64 HPs)
             Began as a Gargoyle Fighter on June 13, 2023.
             Was a Follower of Okawaru.
             Mangled by a wyvern (13 damage)
             ... on level 8 of the Dungeon.
             The game lasted 00:04:02 (7593 turns).

qw the Cleaver (Gargoyle Fighter)                   Turns: 7593, Time: 00:04:03

Health: -7/64      AC: 28    Str: 29    XL:     10   Next: 30%
Magic:  9/12       EV:  9    Int: 10    God:    Okawaru [*.....]
Gold:   932        SH:  6    Dex:  9    Spells: 9/9 levels left

rFire   . . .        Y - +1 war axe (heavy)
rCold   . . .        c - +0 buckler
rNeg    + . .        j - +1 plate armour
rPois   inf          g - +0 helmet
rElec   +            (no cloak)
rCorr   .            n - +2 pair of gloves
SInv    .            (no boots)
Will    .....        (no amulet) Stlth
                     l - +4 ring of slaying {mikee}
HPRegen 0.30/turn    b - +6 ring of strength
MPRegen 0.13/turn

%: no passive effects
@: about to teleport, heroic
A: sickness immunity, AC +7, negative energy resistance 1, electricity
resistance, torment resistance 1, petrification resistance
a: Renounce Religion, Heroism


You were on level 8 of the Dungeon.
You worshipped Okawaru.
Okawaru was aware of your devotion.
You visited 2 branches of the dungeon, and saw 9 of its levels.
You also visited: Ossuary.

You collected 1207 gold pieces.
You spent 275 gold pieces at shops.


Innate Abilities, Weirdness & Mutations

You are immune to sickness and miasma.
Your stone body is resilient. (AC +7)
You are immune to poison.
You resist negative energy. (rN+)
You are resistant to electric shocks. (rElec)
You are resistant to unholy torment.
You are immune to petrification.


   Skills:
 - Level 8.0(13.0) Fighting
 - Level 10.1(15.1) Axes
 - Level 1.0(6.0) Throwing
 + Level 6.0(11.0) Armour
 - Level 1.8(6.8) Dodging
 - Level 5.0(10.0) Shields
 + Level 3.8 Invocations


You had 9 spell levels left.
You didn't know any spells.
Your spell library was empty.

Inventory:

Hand Weapons
 e - a +0 morningstar
 Y - a +1 heavy war axe (weapon)
Missiles
 r - 5 boomerangs (quivered)
Armour
 c - a +0 buckler (worn)
 g - a +0 helmet (worn)
 j - a +1 plate armour (worn)
 n - a +2 pair of gloves (worn)
Jewellery
 b - a +6 ring of strength (right hand)
 h - an amulet of guardian spirit
 k - a ring of protection from fire
 l - a +4 ring of slaying (left hand) {mikee}
Scrolls
 f - 2 scrolls of identify
Potions
 a - 2 potions of cancellation
 d - 2 potions of might
 i - a potion of lignification
 q - 3 potions of curing

Dungeon Overview and Level Annotations

Branches:
Dungeon (8/15)             Temple (1/1) D:6         Ossuary (visited)
   Lair: D:8-11

Altars:
Ashenzari
Cheibriados
Dithmenos
Elyvilon
Fedhas
Gozag
Kikubaaqudgha
Makhleb
Nemelex Xobeh
Okawaru
Qazlal
Ru
Sif Muna
Uskayaw
Vehumet
Wu Jian
Xom
Yredelemnul
The Shining One

Shops:
D:7 [


Message History

Okawaru accepts your kill.
You closely miss the yak. You slice the yak!!
You kill the yak!
Okawaru accepts your kill. The yak closely misses you. The wyvern bites you!
The yak closely misses you. x2
Your Invocations skill increases to level 3!
7588 ||| INVOKING Heroism.
You gain the combat prowess of a mighty hero.
The wyvern bites you. The yak barely misses you. The yak gores you!
The wyvern closely misses you.
You completely miss the wyvern.
The wyvern is severely wounded.
You hit the yak. x2
The wyvern hisses menacingly.
The wyvern bites you. The yak gores you. The yak barely misses you.
You slash the wyvern!
The wyvern is almost dead.
You slice the yak!!
You kill the yak!
Okawaru accepts your kill.
You slice the yak!!
You kill the yak!
Okawaru accepts your kill. The wyvern barely misses you.
The wyvern bites you but does no damage.
Your base Shields skill increases to level 5!
You hit the wyvern but do no damage.
The wyvern is almost dead.
You hit the yak. The wyvern completely misses you. The yak barely misses you.
The wyvern bites you.
7592 ||| READING scroll of teleportation.
As you read the scroll of teleportation, it crumbles to dust.
You feel strangely unstable. The yak gores you but does no damage.
The wyvern bites you!
You barely miss the wyvern.
The wyvern is almost dead.
You hit the yak. The wyvern bites you!
You die...

#######
###l......
#.@Y......
#.#%......
#.#.......
#.#...../.
#.#.......
#.#.......
#.#.......
#.#.......
#.#


You could see a yak and a wyvern.

Vanquished Creatures
  Maggie (D:6)
  4 yaks (D:8)
  Edmund (D:6)
  A water moccasin (D:8)
  2 black bears
  3 sky beasts
  3 ogres
  4 phantoms (D:5)
  An elf zombie (Ossuary)
  3 kobold brigands
  2 bullfrogs
  4 scorpions
  4 wights (D:6)
  9 killer bees
  2 jellies
  5 hounds
  A human zombie (Ossuary)
  An orc priest (D:7)
  A centaur zombie (Ossuary)
  Natasha (thrice) (D:2)
  An iguana (D:5)
  6 orc wizards
  3 hound zombies (Ossuary)
  3 mummies (Ossuary)
  9 adders
  2 white imps (D:6)
  An ufetubus (D:6)
  5 adder zombies (Ossuary)
  5 dart slugs
  29 orcs
  10 ball pythons
  5 endoplasms
  A gnoll zombie (Ossuary)
  7 goblins
  8 hobgoblins
  10 jackals
  3 quokkas (D:1)
  4 bats
  3 frilled lizards
  4 goblin zombies (Ossuary)
  3 hobgoblin zombies (Ossuary)
  5 jackal zombies (Ossuary)
  20 kobolds
  A kobold zombie (Ossuary)
  An orc zombie (Ossuary)
  4 quokka zombies (Ossuary)
  6 rats
  3 rat zombies (Ossuary)
217 creatures vanquished.

Notes
Turn   | Place    | Note
-------+----------+-------------------------------------------
     0 | D:1      | qw the Gargoyle Fighter began the quest for the Orb.
     0 | D:1      | Reached XP level 1. HP: 14/14 MP: 1/1
     0 | D:1      | 0 ||| qw: Version: 0.2-a-29-gc1b59c4
     0 | D:1      | 0 ||| qw: Game counter: 4846
     0 | D:1      | 0 ||| qw: Always use a shield: true
     0 | D:1      | 0 ||| qw: God list: Okawaru
     0 | D:1      | 0 ||| qw: Allow faded altars: false
     0 | D:1      | 0 ||| qw: Do Orc after D:15 true
     0 | D:1      | 0 ||| qw: Do second Lair branch before Depths: true
     0 | D:1      | 0 ||| qw: Lair rune preference: random
     0 | D:1      | 0 ||| qw: Plans: Normal, Zot:1-4, Slime:5, God:TSO, Crypt,
                  | Tomb, Abyss, Pan, Hells, Win
     0 | D:1      | 0 ||| PLANNING D:1-11
    55 | D:1      | Reached skill level 2 in Axes
   119 | D:1      | Reached XP level 2. HP: 19/19 MP: 2/2
   340 | D:1      | 340 ||| Stepping ~*~*~tactically~*~*~ (stealth).
   348 | D:1      | Reached skill level 3 in Axes
   348 | D:1      | 348 ||| FLEEEEING.
   349 | D:1      | 349 ||| FLEEEEING.
   350 | D:1      | 350 ||| FLEEEEING.
   351 | D:1      | 351 ||| FLEEEEING.
   353 | D:1      | 353 ||| FLEEEEING.
   354 | D:1      | 354 ||| FLEEEEING.
   356 | D:1      | 356 ||| FLEEEEING.
   380 | D:1      | Reached XP level 3. HP: 19/23 MP: 3/3
   674 | D:1      | 674 ||| UPGRADING to +0 plate armour.
   684 | D:1      | 684 ||| DROPPING +0 scale mail.
   685 | D:1      | 685 ||| UPGRADING to +4 ring of slaying {mikee}.
   686 | D:1      | 686 ||| READING scroll labelled UMNETUINANT.
   687 | D:1      | 687 ||| READING 2 scrolls labelled LUOTIXTAUT.
   688 | D:1      | 688 ||| READING scroll labelled MAUZUQ JEINEFF.
   689 | D:1      | 689 ||| READING scroll labelled GICEWI QODGHO.
   690 | D:1      | 690 ||| READING scroll labelled CEZXEUD NOIFO.
   707 | D:2      | Noticed Natasha
   711 | D:2      | Killed Natasha
   750 | D:2      | 750 ||| Stepping ~*~*~tactically~*~*~ (stealth).
   751 | D:2      | 751 ||| Stepping ~*~*~tactically~*~*~ (stealth).
   760 | D:2      | Reached XP level 4. HP: 28/28 MP: 4/4
   773 | D:2      | Identified the +7 whip of Plog {flame, Will+}
   782 | D:2      | Found a faded altar of an unknown god.
   905 | D:2      | Reached skill level 4 in Axes
   908 | D:2      | Noticed Natasha
   913 | D:2      | Killed Natasha
  1015 | D:2      | 1015 ||| UPGRADING to +6 ring of strength.
  1016 | D:2      | 1016 ||| READING scroll labelled LUMMAY CAXIR.
  1049 | D:2      | 1049 ||| READING scroll labelled ESEAMI CECOTTA.
  1466 | D:2      | Noticed Natasha
  1473 | D:2      | Killed Natasha
  1474 | D:2      | Reached XP level 5. HP: 17/32 MP: 5/5
  1850 | D:2      | 1850 ||| DRINKING 2 sapphire potions.
  1851 | D:2      | 1851 ||| READING 2 scrolls of identify.
  1851 | D:2      | 1851 ||| IDENTIFYING dark potion
  2043 | D:3      | 2043 ||| DRINKING potion of curing.
  2043 | D:3      | 2043 ||| (to cure confusion)
  2064 | D:3      | Reached skill level 5 in Axes
  2137 | D:3      | 2137 ||| SWAPPING to +1 heavy war axe.
  2138 | D:3      | 2138 ||| DROPPING +0 war axe.
  2165 | D:3      | 2165 ||| Stepping ~*~*~tactically~*~*~ (stealth).
  2175 | D:3      | 2175 ||| Stepping ~*~*~tactically~*~*~ (stealth).
  2198 | D:3      | 2198 ||| Stepping ~*~*~tactically~*~*~ (stealth).
  2449 | D:3      | 2449 ||| READING scroll labelled BIKOSOXTES.
  2450 | D:3      | 2450 ||| READING scroll labelled USYMIV SYFAE.
  2451 | D:3      | 2451 ||| READING 2 scrolls of identify.
  2451 | D:3      | 2451 ||| IDENTIFYING green potion
  2452 | D:3      | 2452 ||| DROPPING potion of enlightenment.
  2465 | D:4      | 2465 ||| PLANNING OSSUARY
  2643 | D:4      | 2643 ||| Stepping ~*~*~tactically~*~*~ (hiding).
  2645 | D:4      | 2645 ||| Stepping ~*~*~tactically~*~*~ (hiding).
  2782 | D:4      | Noticed a kobold brigand
  2847 | D:4      | Reached XP level 6. HP: 38/38 MP: 6/6
  2866 | D:4      | Found a sand-covered staircase.
  2867 | D:4      | 2867 ||| UPGRADING to amulet of guardian spirit.
  2872 | D:4      | 2872 ||| READING scroll labelled NENOSU OLEADGH.
  2885 | Ossuary  | Entered an ossuary
  3047 | Ossuary  | Reached skill level 6 in Axes
  3098 | Ossuary  | Reached skill level 1 in Dodging
  3098 | Ossuary  | Reached XP level 7. HP: 42/43 MP: 5/7
  3221 | Ossuary  | 3221 ||| READING scroll labelled MAJIULU KEFIM.
  3222 | Ossuary  | 3222 ||| READING 2 scrolls labelled VEDOIX RIENEE.
  3223 | Ossuary  | 3223 ||| DRINKING 2 puce potions.
  3224 | Ossuary  | 3224 ||| DROPPING scroll of amnesia.
  3235 | D:4      | 3235 ||| PLANNING D:1-11
  3414 | D:4      | 3414 ||| Stepping ~*~*~tactically~*~*~ (stealth).
  3451 | D:4      | 3451 ||| Stepping ~*~*~tactically~*~*~ (stealth).
  3491 | D:4      | 3491 ||| UPGRADING to +0 pair of gloves.
  3652 | D:4      | Reached skill level 7 in Axes
  3870 | D:5      | Entered Level 5 of the Dungeon
  4050 | D:5      | Reached XP level 8. HP: 41/49 MP: 6/8
  4213 | D:5      | 4213 ||| Stepping ~*~*~tactically~*~*~ (stealth).
  4301 | D:5      | 4301 ||| DROPPING +7 whip of Plog {flame, Will+}.
  4302 | D:5      | 4302 ||| DROPPING +0 mace.
  4320 | D:5      | 4320 ||| Stepping ~*~*~tactically~*~*~ (hiding).
  4465 | D:5      | Reached skill level 8 in Axes
  4718 | D:5      | Reached skill level 6 in Fighting
  4740 | D:5      | 4740 ||| DROPPING +0 flail.
  4910 | D:5      | 4910 ||| Stepping ~*~*~tactically~*~*~ (stealth).
  4979 | D:5      | 4979 ||| DROPPING +3 chain mail.
  4980 | D:5      | 4980 ||| READING 2 scrolls of identify.
  4980 | D:5      | 4980 ||| IDENTIFYING murky orange potion
  5037 | D:6      | Reached XP level 9. HP: 40/55 MP: 6/9
  5096 | D:6      | Noticed Maggie
  5104 | D:6      | Killed Maggie
  5105 | D:6      | Reached skill level 9 in Axes
  5235 | D:6      | Noticed Edmund
  5247 | D:6      | Killed Edmund
  5317 | D:6      | 5317 ||| Stepping ~*~*~tactically~*~*~ (stealth).
  5325 | D:6      | Found a staircase to the Ecumenical Temple.
  5326 | D:6      | 5326 ||| PLANNING TEMPLE
  5337 | D:6      | 5337 ||| DROPPING scarf of harm.
  5338 | D:6      | 5338 ||| READING 2 scrolls of identify.
  5338 | D:6      | 5338 ||| IDENTIFYING fuming pink potion
  5339 | D:6      | 5339 ||| DROPPING potion of invisibility.
  5348 | Temple   | Entered the Ecumenical Temple
  5378 | Temple   | 5378 ||| PLANNING OKAWARU WORSHIP
  6169 | Temple   | Became a worshipper of Warmaster Okawaru
  6169 | Temple   | 6169 ||| PLANNING D:1-11
  6170 | Temple   | 6170 ||| REMOVING amulet of guardian spirit.
  6457 | D:6      | 6457 ||| READING 3 scrolls of enchant armour.
  6457 | D:6      | 6457 ||| ENCHANTING +0 pair of gloves.
  6458 | D:6      | 6458 ||| READING 2 scrolls of enchant armour.
  6458 | D:6      | 6458 ||| ENCHANTING +1 pair of gloves.
  6459 | D:6      | 6459 ||| READING scroll of enchant armour.
  6459 | D:6      | 6459 ||| ENCHANTING +0 plate armour.
  6700 | D:6      | 6700 ||| Stepping ~*~*~tactically~*~*~ (stealth).
  6709 | D:6      | 6709 ||| Stepping ~*~*~tactically~*~*~ (stealth).
  6759 | D:6      | 6759 ||| READING scroll labelled XOIPAS MURADU.
  6759 | D:6      | Identified a scroll of acquirement
  6759 | D:6      | 6759 ||| ACQUIRING 787 gold pieces
  6759 | D:6      | Acquired 787 gold pieces
  6800 | D:7      | 6800 ||| STAIRDANCE
  6848 | D:7      | Found Molycsep's Antique Armour Shop.
  6854 | D:7      | 6854 ||| BUYING helmet (103 gold).
  6854 | D:7      | Bought a helmet for 103 gold pieces
  6854 | D:7      | 6854 ||| BUYING pair of glowing gloves (172 gold).
  6854 | D:7      | Bought a pair of glowing gloves for 172 gold pieces
  6903 | D:7      | 6903 ||| Stepping ~*~*~tactically~*~*~ (stealth).
  6906 | D:7      | 6906 ||| Stepping ~*~*~tactically~*~*~ (hiding).
  6913 | D:7      | 6913 ||| DRINKING 3 potions of curing.
  6913 | D:7      | 6913 ||| (to cure confusion)
  6931 | D:7      | Reached skill level 10 in Axes
  6981 | D:7      | 6981 ||| Stepping ~*~*~tactically~*~*~ (stealth).
  7012 | D:7      | 7012 ||| Stepping ~*~*~tactically~*~*~ (stealth).
  7014 | D:7      | 7014 ||| Stepping ~*~*~tactically~*~*~ (stealth).
  7017 | D:7      | 7017 ||| Stepping ~*~*~tactically~*~*~ (hiding).
  7031 | D:7      | Reached skill level 1 in Throwing
  7280 | D:7      | 7280 ||| UPGRADING to +0 helmet.
  7285 | D:7      | 7285 ||| DROPPING +1 pair of gloves of dexterity.
  7310 | D:8      | Reached skill level 6 in Armour
  7311 | D:8      | 7311 ||| STAIRDANCE
  7316 | D:7      | Reached * piety under Okawaru
  7324 | D:7      | Reached XP level 10. HP: 47/63 MP: 10/10
  7381 | D:8      | Reached skill level 1 in Invocations
  7477 | D:8      | Noticed a deep elf pyromancer
  7483 | D:8      | 7483 ||| INVOKING Heroism.
  7488 | D:8      | HP: 13/64 [fire elemental[a deep elf pyromancer] (7)]
  7489 | D:8      | 7489 ||| READING 2 scrolls of teleportation.
  7490 | D:8      | 7490 ||| DRINKING 2 potions of heal wounds.
  7492 | D:8      | 7492 ||| DRINKING potion of heal wounds.
  7581 | D:8      | 7581 ||| Stepping ~*~*~tactically~*~*~ (stealth).
  7588 | D:8      | Reached skill level 3 in Invocations
  7588 | D:8      | 7588 ||| INVOKING Heroism.
  7591 | D:8      | HP: 16/64 [wyvern (6)]
  7592 | D:8      | 7592 ||| READING scroll of teleportation.
  7592 | D:8      | HP: 6/64 [wyvern (10)]
  7593 | D:8      | Mangled by a wyvern

Levels and vault maps discovered:
D:1:      tarquinn_simple_flora_water_c, layout_rooms,
          chequers_serial_rivers_room_a, grunt_decor_mini_mirrors,
          grunt_decor_fettered, chequers_jeans
D:2:      minmay_skewed_foursquare, layout_rooms,
          dreamdust_ecumenical_altar_statues, serial_co_window_serial,
          co_window_paths_a, co_window_corner_a, co_window_paths_a,
          co_window_paths_a, co_window_paths_b, co_window_cross_1,
          co_window_broadway_c, co_window_paths_c, co_window_2corner,
          co_window_of_opportunity_b, co_window_corner_ca, co_window_corner_ca,
          minivault_14, uniq_natasha
D:3:      layout_basic
D:4:      cheibrodos_thug_alley, layout_basic, enter_ossuary_1
D:5:      layout_loops_corners, kennysheep_generic_room_2
D:6:      layout_basic, minmay_temple_entry_grid, mrwooster_statue_mirror,
          uniq_edmund, uniq_maggie
D:7:      layout_rooms, serial_shops, nicolae_shop_crystal,
          chequers_serial_rivers_micro_c
D:8:      minmay_bloctagon, layout_basic
Temple:   compressed_dpeg_triangle_lava_temple

Skill      XL: |  1  2  3  4  5  6  7  8  9 10 |
---------------+-------------------------------+-----
Axes           | 2 3 4 5 6 7 8 10 | 10.1
Fighting       | 4 5 6 7 8 |  8.0
Dodging        | 1 |  1.8
Armour         | 5 6 |  6.0
Shields        | 4 5 |  5.0
Throwing       | 1 |  1.0
Invocations    | 3 |  3.8

Action                     |  1- 3 |  4- 6 |  7- 9 | 10-12 || total
---------------------------+-------+-------+-------+-------++-------
  Melee: War axe           |    81 |   155 |   221 |    31 ||   488
  Throw: Boomerang         |       |       |     8 |     5 ||    13
 Invoke: Heroism           |       |       |       |     2 ||     2
    Use: Scroll            |     5 |     7 |     8 |     2 ||    22
         Potion            |       |     2 |     2 |     2 ||     6
 Armour: Scale mail        |    29 |       |       |       ||    29
         Plate armour      |     9 |   109 |   179 |    47 ||   344
  Dodge: Dodged            |    38 |    28 |    73 |    30 ||   169
  Block: Buckler           |    12 |    22 |    45 |     7 ||    86

Table legend:
 A = Non-vault XP
 B = Vault XP
 C = Vault XP percentage of total XP
 D = Non-vault monster count
 E = Vault monster count
 F = Vault count percentage of total count
                 A         B        C        D         E       F
            +---------+---------+-------+---------+---------+-------
      Total |    4739 |    1316 |  21.7 |     160 |      57 |  26.3
            +---------+---------+-------+---------+---------+-------
        D:1 |      35 |       0 |   0.0 |      18 |       0 |   0.0
        D:2 |     103 |      47 |  31.3 |      20 |       7 |  25.9
        D:3 |      99 |       0 |   0.0 |      21 |       0 |   0.0
        D:4 |     309 |     109 |  26.1 |       9 |      10 |  52.6
        D:5 |     991 |      88 |   8.2 |      20 |       1 |   4.8
        D:6 |    1082 |     573 |  34.6 |      29 |       2 |   6.5
        D:7 |     833 |       0 |   0.0 |      30 |       0 |   0.0
        D:8 |    1287 |     147 |  10.3 |      13 |       1 |   7.1
    Ossuary |       0 |     352 | 100.0 |       0 |      36 | 100.0
            +---------+---------+-------+---------+---------+-------
